 Dungeon Crawl Stone Soup version 0.29-a0-1027-gcd8c55af63 (webtiles) character file.

Game seed: 11885467278248549879

2 flotson the Sneak (level 1, 0/18 HPs)
             Began as a Demonspawn Delver on Aug 12, 2022.
             Slain by a goblin
             ... wielding a +0 dagger
              (1 damage)
             ... on level 2 of the Dungeon.
             The game lasted 00:01:00 (110 turns).

flotson the Sneak (Demonspawn Delver)                Turns: 110, Time: 00:01:00

Health: 0/18       AC:  3    Str: 12    XL:     1   Next: 33%
Magic:  1/1        EV: 11    Int: 11    God:
Gold:   16         SH:  0    Dex: 14    Spells: 0/0 levels left

rFire   . . .      SeeInvis .   a - +0 hand axe
rCold   . . .      Faith    .   (no shield)
rNeg    . . .      Spirit   .   b - +0 leather armour
rPois   .          Reflect  .   (no helmet)
rElec   .          Harm     .   (no cloak)
rCorr   .          Rampage  .   (no gloves)
Will    .....                   (no boots)
Stlth   ++........              (no amulet)
HPRegen 0.06/turn               (no ring)
MPRegen 0.07/turn               (no ring)

@: hasted, very quick
A: no striking features
a: no special abilities


You were on level 2 of the Dungeon.
You visited 1 branch of the dungeon, and saw 4 of its levels.

You collected 16 gold pieces.

Inventory:

Hand Weapons
 a - a +0 hand axe (weapon)
Armour
 b - a +0 leather armour (worn)
Wands
 g - a wand of digging (2)
Scrolls
 c - a scroll of fog


   Skills:
 + Level 3.0 Fighting
 - Level 1.7 Axes
 + Level 0.1 Armour
 + Level 1.8 Dodging
 - Level 4.5 Stealth
 + Level 0.2 Evocations


You couldn't memorise any spells.
You didn't know any spells.
Your spell library was empty.

Dungeon Overview and Level Annotations

Branches:
Dungeon (5/15)             Temple (0/1) D:5

Altars:


Message History

A phantom comes into view.
A centaur comes into view.
As you read the scroll of fear, it crumbles to dust.
You assume a fearsome visage.
The gnoll looks frightened! x2
The phantom is unaffected.
The centaur looks frightened!
The centaur shouts!
The black bear looks frightened!
The phantom closely misses you. The phantom barely misses you.
A scorpion comes into view.
The phantom attacks as you move away! The phantom hits you.
There is a stone staircase leading up here.
The phantom misses you.
You climb upwards.
Found a shiny ring mail.
Found a stone staircase leading up.
There is a stone staircase leading down here.
There is a stone staircase leading down here.
A kobold comes into view. It is wielding a +0 club.
The phantom attacks as you move away! The phantom barely misses you.
The phantom attacks as you move away!
The phantom hits you but does no damage.
There is a stone staircase leading up here.
The phantom hits you.
You climb upwards.
There is a stone staircase leading down here.
Found 7 stones.
Found an escape hatch in the ceiling.
There is an escape hatch in the ceiling here.
The phantom hits you!
* * * LOW HITPOINT WARNING * * *
A mysterious force pulls you upwards. The hatch slams shut behind you.
The phantom attacks as you move away! The phantom hits you.
* * * LOW HITPOINT WARNING * * *
A goblin comes into view. It is wielding a +0 dagger.
The phantom attacks as you move away! The phantom closely misses you.
Found an escape hatch in the floor.
You feel yourself speed up. The phantom closely misses you.
The goblin shouts!
The goblin hits you with a +0 dagger.
You die...

.. .... .. ...
#.#.## .#
..#.##.##.##.##w#
...............#
### #.##.##.# ...
#.#.#.##
#.#####...##
#####.g...W..##
....>..@..####
#########.# #...
#####


You could see a phantom and a goblin.

Vanquished Creatures
  A dart slug (D:5)
1 creature vanquished.

Notes
Turn   | Place    | Note
-------+----------+-------------------------------------------
     0 | D:5      | flotson the Demonspawn Delver began the quest for the Orb.
     0 | D:5      | Reached XP level 1. HP: 18/18 MP: 1/1
    74 | D:5      | Noticed a black bear
    74 | D:5      | Noticed a phantom
    75 | D:5      | Noticed a centaur
    79 | D:5      | Noticed a scorpion
   110 | D:2      | Slain by a goblin

Illustrated notes

Levels and vault maps discovered:
D:2:      layout_loops_ring, serial_shops, shop_statue, shop, patterned_corridor
D:3:      layout_loops_cross, grunt_temple_overflow_growth_and_decay,
          eat_drink_and_be_merry_uskayaw, gammafunk_ghost_gnarly_gnolls,
          minivault_4, uniq_grinder
D:4:      layout_basic, nicolae_wu_jian_wuxing_cycle,
          mainiacjoe_overflow_chevrons, vehumet_statue, ashenzari_altar_1
D:5:      layout_gridville, led_sif_book, jmf_multi_god_temple, temple_hall,
          serial_park_tiny_2, minmay_quadrilaterals

Action                   || total
-------------------------++-------
Melee: Hand axe          ||     4
Evoke: Wand              ||     1
  Use: Scroll            ||     2
       Potion            ||     1
Armor: Leather armour    ||     1
Dodge: Dodged            ||     8

Table legend: (Time is in decaauts)
 A = Elapsed time spent in this place.
 B = Non-inter-level travel time spent in this place.
 C = Inter-level travel time spent in this place.
 D = Time resting spent in this place.
 E = Time spent auto-exploring this place.
 F = Levels seen in this place.
 G = Mean time per level.
                   A        B        C        D        E       F      G
               +--------+--------+--------+--------+--------+-----+--------+
         Total |    109 |    109 |      0 |      0 |     22 |   4 |   27.2 |
       Dungeon |    109 |    109 |      0 |      0 |     22 |   4 |   27.2 |
               +--------+--------+--------+--------+--------+-----+--------+

Top non-repeatable levels by time:
     D:5: 83 daAuts
     D:4: 9 daAuts
     D:3: 7 daAuts
     D:2: 7 daAuts
